 Dungeon Crawl Stone Soup version 0.13-a0-2700-g8dc4729 (webtiles) character file.

370 Rycklaryybbe the Grasshopper (level 5, -1/38 HPs)
             Began as a Demonspawn Warper on Aug 16, 2013.
             Slain by an iguana (8 damage)
             ... on Level 4 of the Dungeon.
             The game lasted 00:12:40 (4401 turns).

Rycklaryybbe the Grasshopper (Demonspawn Warper)    Turns: 4401, Time: 00:12:40

HP  -1/38        AC  7     Str 13      XL: 5   Next:  9%
MP   4/8         EV  9     Int 14      God:
Gold 221         SH  0     Dex 12      Spells:  4 memorised,  2 levels left

Res.Fire  : . . .   See Invis. : .   a - +0 mace
Res.Cold  : . . .   Warding    : +   t - +0 ring mail
Life Prot.: + . .   Conserve   : .   (no shield)
Res.Poison: .       Res.Corr.  : .   (no helmet)
Res.Elec. : .       Clarity    : .   (no cloak)
Sust.Abil.: + .     Spirit.Shd : .   k - +1 pair of dwarf gauntlets
Res.Mut.  : .       Stasis     : .   (no boots)
Res.Rott. : .       Flight     : .   C - amulet of warding {unknown}
Saprovore : . . .                    (no ring)
                                     i - ring of sustain abilities {unknown}

@: slightly resistant to hostile enchantments, extremely unstealthy
A: spiny 1
a: no special abilities


You were on level 4 of the Dungeon.
You were not hungry.

You visited 1 branch of the dungeon, and saw 4 of its levels.

You collected 171 gold pieces.

Inventory:

Hand weapons
 a - a +0,+0 mace (weapon)
 I - a +1,+2 hand axe
Missiles
 e - 34 darts (quivered)
 f - 10 darts of dispersal
 u - 48 stones
 v - 14 poisoned needles
 H - 4 arrows
Armour
 b - a +0 leather armour
 k - a +1 pair of dwarven gauntlets (worn)
 t - a +0 ring mail (worn)
Magical devices
 B - a wand of paralysis (9) {unknown}
Comestibles
 g - 5 bread rations
 p - 2 meat rations
 q - an apple
 s - a pear
 G - a rotting chunk of hound flesh
Scrolls
 d - a scroll of blinking
 h - 7 scrolls of identify {unknown}
 j - a scroll of curse jewellery {unknown}
 l - a scroll of fear {unknown}
 n - 2 scrolls of teleportation {unknown}
 r - a scroll of random uselessness {unknown}
 x - a scroll of curse weapon {unknown}
 y - a scroll of remove curse {unknown}
 E - a scroll of curse armour {unknown}
Jewellery
 i - a ring of sustain abilities (left hand) {unknown}
 C - an amulet of warding (around neck) {unknown}
Potions
 m - 4 potions of heal wounds {unknown}
 o - 6 potions of curing {unknown}
 z - a potion of mutation {unknown}
 A - a potion of magic {unknown}
 F - a potion of resistance {unknown}
Books
 c - a book of Spatial Translocations

   Spells                             Type                      Level
   *Apportation                       Translocation                1
   *Portal Projectile                 Translocation                2
   *Blink                             Translocation                2
   *Shroud of Golubria                Charms/Translocation         2
   Teleport Other                     Translocation                3
   Passage of Golubria                Translocation                4
Magical staves
 D - an uncursed staff of conjuration


   Skills:
 - Level 2.0 Fighting
 - Level 1.7 Maces & Flails
 + Level 2.8 Throwing
 - Level 0.8 Armour
 - Level 1.7 Dodging
 - Level 2.9 Spellcasting
 + Level 3.9 Translocations


You had 2 spell levels left.
You knew the following spells:

 Your Spells              Type           Power        Failure   Level  Hunger
a - Apportation           Tloc           ##........   8%          1    #......
b - Blink                 Tloc           N/A          12%         2    ##.....
c - Portal Projectile     Tloc           ##....       12%         2    ##.....
d - Shroud of Golubria    Chrm/Tloc      #.........   21%         2    ##.....


Dungeon Overview and Level Annotations

Branches:
Dungeon (4/27)
 Temple: D:4-7

Altars:
Nemelex Xobeh
the Shining One


Innate Abilities, Weirdness & Mutations

You are partially covered in sharp spines.


Message History

A goblin comes into view.
The goblin shouts!
There is an open door here.
Casting: Blink
Confirm with . or Enter, or press ? or * to list all spells.
Space distorts slightly along a thin shroud covering your body.
The iguana bites you!
* * * LOW HITPOINT WARNING * * *
Your shroud falls apart!
Unknown command.
Casting: Shroud of Golubria
Confirm with . or Enter, or press ? or * to list all spells.
You blink.
Throwing (i - inventory. (,) - cycle):
e - 35 darts (quivered)
Press: ? - help, Shift-Dir - straight line, f/p - iguana
Aim: an iguana (translocational energy, moderately wounded)
You throw a dart. The dart hits the iguana.
The iguana is moderately wounded.
The iguana bites you!
You die...

#...<....#
#........# #####
#........# #....
#........# #....
#........# #....
#........#####....
+........#......%.
#........'.###....
#@.......### #....
#.lg.....# ###.#
#........# #.#
####(##### #.. #.#
##. #.# . ###'###
# #.....# #.(...#


You could see an iguana and a goblin.

Vanquished Creatures
  A hound (D:4)
  5 adders
  A worm (D:3)
  2 giant geckos (D:2)
  3 oozes
  2 giant cockroaches (D:2)
  7 hobgoblins
  6 jackals
  A quokka (D:3)
  A ball python (D:1)
  10 bats
  2 giant newts
  6 goblins
  12 kobolds
  9 rats
68 creatures vanquished.

Notes
Turn   | Place    | Note
--------------------------------------------------------------
     0 | D:1      | Rycklaryybbe, the Demonspawn Warper, began the quest for the Orb.
     0 | D:1      | Reached XP level 1. HP: 15/15 MP: 1/1
   261 | D:1      | Reached skill level 1 in Throwing
   427 | D:1      | Gained mutation: You are partially covered in sharp spines. [demonic ancestry]
   427 | D:1      | Reached XP level 2. HP: 16/21 MP: 3/3
   702 | D:1      | Learned a level 2 spell: Blink
   705 | D:1      | Learned a level 2 spell: Portal Projectile
  1505 | D:2      | Reached skill level 3 in Translocations
  1505 | D:2      | Reached XP level 3. HP: 22/26 MP: 1/4
  1561 | D:2      | Learned a level 2 spell: Shroud of Golubria
  2110 | D:2      | Reached XP level 4. HP: 31/33 MP: 6/6
  2574 | D:2      | Found a glowing golden altar of the Shining One.
  2574 | D:2      | Found a sparkling altar of Nemelex Xobeh.
  4120 | D:4      | Reached XP level 5. HP: 6/38 MP: 8/8
  4401 | D:4      | Slain by an iguana

Action                   |  1- 3 |  4- 6 || total
-------------------------+-------+-------++-------
Melee: Mace              |    80 |    60 ||   140
       Staff             |       |    66 ||    66
Throw: Dart              |    82 |    44 ||   126
       Hand axe          |       |     6 ||     6
 Cast: Blink             |     1 |     3 ||     4
       Shroud of Golubri |       |     1 ||     1
